 Dungeon Crawl Stone Soup version 0.32-a0-938-g40ac7a0f4d (webtiles) character file.

Game seed: 17867339658723856392

130 uglyjohn the Ruffian (level 4, -7/35 HPs)
             Began as a Draconian Shapeshifter on Apr 15, 2024.
             Mangled by Edmund
             ... wielding a +5 antimagic flail
              (10 damage)
             ... on level 4 of the Dungeon.
             The game lasted 00:04:15 (3148 turns).

uglyjohn the Ruffian (Draconian Shapeshifter)       Turns: 3148, Time: 00:04:15

Health: -7/35      AC:  5    Str: 16    XL:     4   Next: 90%
Magic:  0/4        EV: 11    Int: 12    God:
Gold:   136        SH:  0    Dex: 11    Spells: 3/3 levels left

rFire   . .          .
                       - Unarmed
rCold   . . .        (no shield)
rNeg    . . .        (body armour unavailable)
rPois   .            (helmet currently unavailable)
rElec   .            (cloak currently unavailable)
rCorr   .            (gloves currently unavailable)
SInv    .            (boots currently unavailable)
Will    .....        j - amulet of guardian spirit
Stlth   +            (no ring)
HPRegen 0.25/turn    (no ring)
MPRegen 0.09/turn

%: guardian spirit
@: mighty, beast-form
A: beast (slay +2), AC +5, unfitting armour, cold-blooded
a: Begin Untransformation


You were on level 4 of the Dungeon.
You were a hulking beast.
You visited 1 branch of the dungeon, and saw 4 of its levels.

You collected 136 gold pieces.

Inventory:

Jewellery
 j - an amulet of guardian spirit (around neck)
Talismans
 b - a beast talisman (active)
 c - a flux talisman
 o - a blade talisman
Scrolls
 d - a scroll of identify
 f - a scroll of amnesia {unknown}
 i - a scroll of poison {unknown}
 k - a scroll of teleportation {unknown}
 l - a scroll of fear {unknown}
 n - 2 scrolls of acquirement {unknown}
 p - a scroll of immolation {unknown}
 q - a scroll of noise {unknown}
Potions
 a - a potion of lignification
 g - a potion of cancellation
 h - a potion of heal wounds {unknown}
 m - a potion of ambrosia
 r - 2 potions of enlightenment


   Skills:
 - Level 1.1 Fighting
 - Level 1.7 Dodging
 + Level 4.5 Unarmed Combat
 + Level 4.2 Shapeshifting


You had 3 spell levels left.
You didn't know any spells.
Your spell library contained the following spells:

 Spells                   Type           Power      Damage    Failure   Level
 Foxfire                  Conj/Fire      0%         2x1d4     32%         1
 Plasma Beam              Fire/Air       0%         2x1d10    100%        6
 Starburst                Conj/Fire      0%         6d3       100%        6


Dungeon Overview and Level Annotations

Branches:
Dungeon (4/15)
 Temple: D:4-7

Altars:

Annotations:
D:4 Edmund


Innate Abilities, Weirdness & Mutations

You are a hulking beast.
Your limbs bulge with bestial killing power. (Slay +2)
Your plain brown scales are hard. (AC +5)
You cannot fit into any form of body armour.
You are cold-blooded and may be slowed by cold attacks.


Message History

The web tears apart.
The ribbon worm barely misses you.
You punch the ribbon worm!
The ribbon worm is severely wounded.
You punch the ribbon worm!
You kill the ribbon worm!
You see here a ribbon worm corpse.
You start resting.
HP restored.
You see here a ribbon worm corpse.
r - 2 pink potions Edmund is nearby!
Edmund is nearby!
Edmund is nearby!
Edmund is nearby!
As you read the scroll of identify, it crumbles to dust.
r - 2 potions of enlightenment
As you read the scroll of identify, it crumbles to dust.
g - a potion of cancellation
As you read the scroll of identify, it crumbles to dust.
e - a potion of might Edmund hits you with a +5 antimagic flail.
You feel your power leaking away.
You feel very mighty all of a sudden.
Edmund hits you with a +5 antimagic flail!
You closely miss Edmund.
Edmund says, "People think my brother is the best.
I think he's crazy."
Edmund hits you with a +5 antimagic flail.
You hit Edmund.
Edmund is lightly wounded.
Edmund hits you with a +5 antimagic flail.
* * * LOW HITPOINT WARNING * * *
You punch Edmund!
Edmund is moderately wounded.
Edmund hits you with a +5 antimagic flail.
* * * LOW HITPOINT WARNING * * *
You barely miss Edmund.
Edmund is moderately wounded.
Edmund hits you with a +5 antimagic flail!
You die...
Edmund whines, "They better pay attention to me now!"

#####....#.....
#........#..#...
#.##.....#..#####
#####.##.....#...
#.....##.....#..#
#.######.....#..######
#.# #.#............
#.######.#####@.#####.#
#...†..#......h........
######.#######....###.
#.<.....# #.#..##
###.###.# #.#....#
#.###.###.#.#..#
#..............#
#####.###.#....# #.#
#.#..#.# #.# #.#..# #


You could see Edmund.

Vanquished Creatures
  A jelly (D:4)
  3 gnolls (D:3)
  An adder (D:3)
  A ribbon worm (D:4)
  4 bats (D:2)
  7 endoplasms
  2 giant cockroaches (D:1)
  3 goblins (D:2)
  5 hobgoblins
  4 jackals
  2 kobolds (D:2)
  4 quokkas
  8 ball pythons
  A frilled lizard (D:2)
  11 rats
57 creatures vanquished.

Notes
Turn   | Place    | Note
-------+----------+-------------------------------------------
     0 | D:1      | uglyjohn the Draconian Shapeshifter began the quest for the
                  | Orb.
     0 | D:1      | Reached XP level 1. HP: 16/16 MP: 1/1
   286 | D:1      | Reached XP level 2. HP: 21/23 MP: 2/2
   675 | D:1      | You fall into a shaft and drop 1 floor!
   867 | D:1      | Reached XP level 3. HP: 24/28 MP: 3/3
  2339 | D:3      | Reached XP level 4. HP: 22/35 MP: 1/4
  2884 | D:3      | Found a faded altar of an unknown god.
  3024 | D:4      | Noticed Edmund
  3148 | D:4      | Mangled by Edmund

Illustrated notes

Levels and vault maps discovered:
D:1:      tarquinn_simple_flora_water_d, layout_basic, nicolae_hexahallways,
          minmay_rat_gold_closets
D:2:      layout_loops_ring, minmay_misc_feat_secret_circle, minmay_tromino_i2
D:3:      layout_basic, dilly_ecumenical_altar_fadedgnrine
D:4:      layout_basic, uniq_duvessa, uniq_edmund, uniq_pikel

Skill      XL: |  1  2  3  4 |
---------------+-------------+-----
Unarmed Combat | 4 |  4.5
Shapeshifting  | 4 |  4.2
Fighting       | |  1.1
Dodging        | |  1.7

Action                     |  1- 3 |  4- 6 || total
---------------------------+-------+-------++-------
  Melee: Unarmed           |   140 |    18 ||   158
         Tailslap          |    14 |     2 ||    16
         Punch             |     1 |     1 ||     2
    Use: Scroll            |       |     4 ||     4
         Potion            |       |     1 ||     1
   Stab: Sleeping          |     2 |     1 ||     3
 Armour: Skin              |    87 |    11 ||    98
  Dodge: Dodged            |    66 |     2 ||    68

Table legend: (Time is in decaauts)
 A = Elapsed time spent in this place.
 B = Non-inter-level travel time spent in this place.
 C = Inter-level travel time spent in this place.
 D = Time resting spent in this place.
 E = Time spent auto-exploring this place.
 F = Levels seen in this place.
 G = Mean time per level.
                   A        B        C        D        E       F      G
               +--------+--------+--------+--------+--------+-----+--------+
         Total |   3138 |   3000 |    138 |    162 |   2362 |   4 |  784.5 |
       Dungeon |   3138 |   3000 |    138 |    162 |   2362 |   4 |  784.5 |
               +--------+--------+--------+--------+--------+-----+--------+

Top non-repeatable levels by time:
     D:1: 1089 daAuts
     D:3: 1001 daAuts
     D:2: 874 daAuts
     D:4: 172 daAuts
